 Dungeon Crawl Stone Soup version 0.18.1-50-g88ac8fd (webtiles) character file.

786 djnw the Caller (level 7, -3/46 HPs)
             Began as a Mummy Summoner on Oct 17, 2016.
             Shot with an arrow by a centaur (18 damage)
             ... on level 6 of the Dungeon.
             The game lasted 00:18:20 (5747 turns).

djnw the Caller (Mummy Summoner)                    Turns: 5747, Time: 00:18:22

Health: -3/46      AC:  4    Str: 11    XL:     7   Next: 56%
Magic:  3/14       EV: 12    Int: 17    God:
Gold:   255        SH:  0    Dex: 12    Spells: 4 memorised, 6 levels left

rFire  x . .     SeeInvis .     e - +0 spear
rCold  + . .     Gourm    .     a - +1 robe
rNeg   + + +     Faith    .     (no shield)
rPois  ∞         Spirit   .     c - +0 helmet
rElec  .         Dismiss  .     (no cloak)
rCorr  .         Reflect  .     (no gloves)
SustAt .         Harm     .     (no boots)
MR     .....                    g - amulet of regeneration
Stlth  ++........               (no ring)
                                (no ring)

@: not resistant to hostile enchantments, unstealthy
A: no food or potions, fire vulnerability, cold resistance 1, negative energy
resistance 3, torment resistance, unbreathing
a: no special abilities


You were on level 6 of the Dungeon.
You were not hungry.

You visited 1 branch of the dungeon, and saw 6 of its levels.
You also visited: Sewer.

You collected 255 gold pieces.

Inventory:

Hand Weapons
 e - a +0 spear (weapon)
Armour
 a - a +1 robe (worn)
 c - a +0 helmet (worn)
Magical Staves
 n - an uncursed staff of energy
Jewellery
 g - an amulet of regeneration (around neck)
 h - an uncursed ring of magical power {unknown}
Wands
 j - a wand of iceblast (15/15)
 l - a wand of disintegration (17/24)
 m - a wand of flame (23/48)
Scrolls
 d - a scroll of enchant armour
 f - 4 scrolls of identify
 i - 3 scrolls of remove curse
 k - a scroll of teleportation
 o - a scroll of blinking
Books
 b - a book of Callings

   Spells                             Type                      Level
   a - Summon Small Mammal            Summoning                    1
   b - Call Imp                       Summoning                    2
   c - Call Canine Familiar           Summoning                    3
   d - Summon Guardian Golem          Hexes/Summoning              3
   e - Summon Lightning Spire         Summoning/Air                4
   f - Summon Ice Beast               Ice/Summoning                4
Miscellaneous
 p - a phantom mirror


   Skills:
 - Level 1.5 Dodging
 - Level 1.5 Stealth
 * Level 5.2 Spellcasting
 * Level 5.9 Summonings
 + Level 2.1 Ice Magic


You had 6 spell levels left.
You knew the following spells:

 Your Spells              Type           Power        Failure   Level  Hunger
a - Summon Small Mammal   Summ           ###.         1%          1    N/A
b - Call Imp              Summ           ###.....     1%          2    N/A
c - Call Canine Familiar  Summ           ###.....     4%          3    N/A
d - Summon Ice Beast      Ice/Summ       ###.....     30%         4    N/A

Dungeon Overview and Level Annotations

Branches:
Dungeon (6/15)
 Temple: D:4-7

Altars:
Elyvilon
Okawaru
Pakellas
Xom
Yredelemnul


Innate Abilities, Weirdness & Mutations

You do not eat or drink.
Your flesh is vulnerable to fire.
You are immune to poison.
Your flesh is cold resistant.
You are immune to negative energy.
You are immune to unholy pain and torment.
You can survive without breathing.


Message History

Casting: Call Imp
Confirm with . or Enter, or press ? or * to list all spells.
A beastly little devil appears in a puff of frigid air.
The centaur shoots an arrow.
The arrow closely misses your white imp.
The arrow hits you!
Casting: Call Imp
Confirm with . or Enter, or press ? or * to list all spells.
A beastly little devil appears in a puff of frigid air.
Your hound bites the centaur but does no damage.
The centaur shoots an arrow.
The arrow hits your white imp!
Your white imp hits the centaur but does no damage.
Your hound closely misses the centaur.
Casting: Call Imp
Confirm with . or Enter, or press ? or * to list all spells.
The centaur shoots an arrow.
The arrow hits your white imp!
Your white imp dies!
Your hound bites the centaur.
The centaur shoots an arrow.
The arrow misses your crimson imp. The arrow hits you!!
You die...

........ #.....##. .......
#.....# #....###.....#
####.......h.#### ....
..........O..# ....
.............# ..... .
.......†.....# ####..... #
.............###5(c....########
..........####@(.5h...........#
.............#................#
.............#r.5..............
.....##......#................#
..... #......###.....#.........
...## #..........##.!.........#
... #..........##...........#
.. #..........##...........#
##.........##...........#


You could see a centaur, a friendly hound, a friendly crimson imp, 2 friendly
white imps and a friendly rat.

Vanquished Creatures
  An ogre (D:6)
  2 phantoms
  A scorpion (D:6)
  A hound (D:5)
  Terence (D:3)
  6 adders
  An ooze (Sewer)
  An adder zombie (D:6)
  11 giant geckos
  3 orcs
  5 bats
  5 giant cockroaches
  2 goblins (D:1)
  3 hobgoblins
  A quokka (D:3)
  5 ball pythons
  7 giant newts
  4 kobolds
  A quokka skeleton (D:4)
  6 rats
67 creatures vanquished.

Vanquished Creatures (collateral kills)
  A sky beast (D:5)
  A necrophage (D:6)
  A centaur (D:5)
  A giant frog (Sewer)
  A giant frog zombie (D:5)
  A hound (D:4)
  An iguana (D:6)
  An orc wizard (D:4)
  Jessica (D:3)
  2 worker ants
  8 adders
  A river rat (D:5)
  6 oozes (Sewer)
  An adder skeleton (D:5)
  A worm (D:3)
  A dart slug (D:1)
  8 giant geckos (Sewer)
  8 orcs
  6 giant cockroaches
  3 goblins
  7 hobgoblins
  A quokka (D:4)
  7 ball pythons
  A bat (D:1)
  11 giant newts
  2 kobolds (D:2)
  5 rats
88 creatures vanquished.

Grand Total: 155 creatures vanquished

Notes
Turn   | Place    | Note
--------------------------------------------------------------
     0 | D:1      | djnw the Mummy Summoner began the quest for the Orb.
     0 | D:1      | Reached XP level 1. HP: 13/13 MP: 3/3
   384 | D:1      | Reached XP level 2. HP: 12/19 MP: 1/5
   404 | D:1      | Learned a level 2 spell: Call Imp
  1317 | D:2      | Found an iron altar of Okawaru.
  1327 | D:2      | Reached XP level 3. HP: 22/24 MP: 4/6
  1332 | D:2      | Learned a level 3 spell: Call Canine Familiar
  1371 | D:2      | Found a white marble altar of Elyvilon.
  2012 | D:2      | Reached XP level 4. HP: 30/30 MP: 8/8
  2161 | D:2      | Found a basalt altar of Yredelemnul.
  2389 | D:3      | Noticed Jessica
  2401 | D:3      | Killed Jessica
  2481 | D:3      | Noticed Terence
  2512 | D:3      | Killed Terence
  3087 | D:4      | Reached XP level 5. HP: 25/35 MP: 2/9
  3155 | D:4      | Learned a level 4 spell: Summon Ice Beast
  3337 | D:4      | Found an oddly glowing altar of Pakellas.
  3454 | D:4      | Noticed a phantom
  3504 | D:4      | Found a shimmering altar of Xom.
  3592 | D:4      | Killed a phantom
  3592 | D:4      | Reached skill level 5 in Summonings
  4016 | D:5      | Entered Level 5 of the Dungeon
  4068 | D:5      | Noticed a sky beast
  4081 | D:5      | Reached XP level 6. HP: 18/41 MP: 4/11
  4145 | D:5      | Killed a sky beast
  4145 | D:5      | Reached skill level 1 in Ice Magic
  4331 | D:5      | Found a glowing drain.
  4383 | Sewer    | Entered a sewer
  4917 | Sewer    | Reached XP level 7. HP: 46/46 MP: 10/13
  5534 | D:6      | Reached skill level 5 in Spellcasting
  5747 | D:6      | Shot with an arrow by a centaur

Skill      XL: |  1  2  3  4  5  6  7 |
---------------+----------------------+-----
Summonings     | 4 5 |  5.9
Spellcasting   | 3 4 5 |  5.2
Ice Magic      | 1 2 |  2.1
Dodging        | |  1.5
Stealth        | |  1.5

Action                   |  1- 3 |  4- 6 |  7- 9 || total
-------------------------+-------+-------+-------++-------
Melee: Club              |    11 |       |       ||    11
       Hand axe          |    77 |       |       ||    77
       Spear             |    10 |   252 |    84 ||   346
       Staff             |       |    16 |       ||    16
 Cast: Summon Small Mamm |     9 |     3 |     1 ||    13
       Call Imp          |    11 |    42 |    13 ||    66
       Call Canine Famil |     1 |    21 |     7 ||    29
  Use: Scroll            |     2 |     6 |       ||     8
 Stab: Sleeping          |     2 |     2 |       ||     4
       Distracted        |     1 |     2 |     1 ||     4
Armor: Robe              |    39 |    84 |    11 ||   134
Dodge: Dodged            |    99 |   181 |    46 ||   326
